 Dungeon Crawl Stone Soup version 0.22.1-6-g1668fe2 (webtiles) character file.

2028 Exodus3 the Cleaver (level 9, -2/112 HPs)
             Began as a Minotaur Fighter on Jan 31, 2019.
             Was an Initiate of Gozag.
             Slain by a wight
             ... wielding a cursed +5 battleaxe of freezing
              (5 damage)
             ... on level 7 of the Dungeon on Feb 1, 2019.
             The game lasted 00:43:35 (7475 turns).

Exodus3 the Cleaver (Minotaur Fighter)              Turns: 7475, Time: 00:43:41

Health: -2/112     AC: 24    Str: 23      XL:     9   Next: 3%
Magic:  8/8        EV:  2    Int:  4 (6)  God:    Gozag
Gold:   520        SH: 10    Dex:  9 (10) Spells: 8/8 levels left

rFire    . . .     SeeInvis .   w - +0 flail (protect)
rCold    . . .     Gourm    .   c - +0 shield
rNeg     + + +     Faith    .   (armour currently unavailable)
rPois    +         Spirit   .   (helmet currently unavailable)
rElec    .         Reflect  .   (cloak currently unavailable)
rCorr    .         Harm     .   (gloves currently unavailable)
MR       .....     NoTele   +   (boots currently unavailable)
Stlth    +.........             (no amulet)
HPRegen  0.68/turn              (no ring)
MPRegen  0.11/turn              (no ring)

@: tree-form, hasted, drained, very quick
A: (retaliatory headbutt), regeneration 1
a: Potion Petition, Call Merchant, Bribe Branch, Renounce Religion


You were on level 7 of the Dungeon.
You worshipped Gozag.
Gozag was pleased with you.
You were not hungry.
You were a tree.
You visited 2 branches of the dungeon, and saw 8 of its levels.

You collected 602 gold pieces.
You paid 82 gold pieces to Gozag.

Inventory:

Hand Weapons
 a - a +0 war axe
 k - a +4 hunting sling of flaming
 u - a +0 blowgun
 w - a +0 flail of protection (weapon)
 y - a +0 dagger of pain
Missiles
 j - 10 tomahawks (quivered)
 t - 4 curare-tipped needles
Armour
 c - a +0 shield (worn)
 e - a +0 pair of boots (melded)
 o - a +0 plate armour
 z - the +4 robe of Inevitability (melded) {rElec Int+4}
   (You found it on level 7 of the Dungeon)

   It affects your intelligence (+4).
   It insulates you from electricity.
Wands
 d - a wand of disintegration (13)
 g - a wand of scattershot (3)
 q - a wand of flame (22)
Scrolls
 b - a scroll of enchant weapon {unknown}
 h - 4 scrolls of identify
 i - 4 scrolls of remove curse
 p - 3 scrolls of magic mapping
 r - a scroll of fear {unknown}
 s - a scroll of teleportation
 v - a scroll of amnesia {unknown}
Potions
 n - 3 potions of curing
 x - a potion of mutation
Comestibles
 f - 10 rations


   Skills:
 + Level 6.3(5.5) Fighting
 + Level 8.8(8.0) Axes
 + Level 0.5(4.7) Maces & Flails
 + Level 8.1(7.3) Armour
 + Level 1.4(0.7) Dodging
 + Level 0.5(0.0) Stealth
 + Level 7.4(6.6) Shields


You had 8 spell levels left.
You didn't know any spells.
Your spell library contained the following spells:

 Spells                   Type           Power        Failure   Level  Hunger
 Magic Dart               Conj           #...         86%         1    ##.....
 Pain                     Necr           #...         86%         1    ##.....
 Blink                    Tloc           N/A          94%         2    ###....
 Call Imp                 Summ           #.......     94%         2    ###....
 Slow                     Hex            #.......     94%         2    ###....
 Conjure Flame            Conj/Fire      #.......     99%         3    ####...
 Mephitic Cloud           Conj/Pois/Air  #.......     99%         3    ####...


Dungeon Overview and Level Annotations

Branches:
Dungeon (7/15)             Temple (1/1) D:5

Altars:
Ashenzari
Cheibriados
Dithmenos
Elyvilon
Fedhas
Gozag
Hepliaklqana
Kikubaaqudgha
Makhleb
Nemelex Xobeh
Okawaru
Qazlal
Sif Muna
Trog
Uskayaw
Vehumet
Wu Jian
Xom
Yredelemnul
Zin
The Shining One
Jiyva

Shops:
D:6 ?


Innate Abilities, Weirdness & Mutations

((You reflexively headbutt those who attack you in melee.))
((You have a pair of horns on your head.))
((You are partially covered in iridescent scales. (AC +2)))
((You are partially covered in molten scales. (AC +2)))
Your natural rate of healing is unusually fast.


Message History

You swing at nothing.
You block the wight's attack.
The wight hits you with a battleaxe of freezing.
* * * LOW HITPOINT WARNING * * *
The wight freezes you.
* * * LOW HITPOINT WARNING * * *
The wight hits you but does no damage.
You swing at nothing.
The wight hits you but does no damage.
The wight hits you with a battleaxe of freezing.
* * * LOW HITPOINT WARNING * * *
The wight freezes you.
* * * LOW HITPOINT WARNING * * *
The wight hits you but does no damage.
You swing at nothing.
You swing at nothing.
You block the wight's attack.
The wight hits you with a battleaxe of freezing!
* * * LOW HITPOINT WARNING * * *
The wight freezes you.
You die...
Xom bursts into laughter!
Your body crumbles into a pile of gold.

#.....# #.....# ##'####.....#
......'.....# #.....# #.....#
#..z..# #.z.z.# #..♣..#
#.....# #.....# #.....#
##############.....# ####
...................#######...#
...................#.........#
...................#.........#
...................).........#


You could see 3 wights.

Vanquished Creatures
  The ghost of DolittleGuy the Covered, an amateur GnWn (D:3)
  A sky beast (D:5)
  3 ice beasts
  An orc warrior (D:7)
  An ogre (D:5)
  2 centaurs
  A big kobold (D:7)
  4 bullfrogs
  2 scorpions
  A crimson imp (D:5)
  4 orc wizards
  3 hounds
  2 orc priests
  An iguana (D:4)
  Ijyb (D:5)
  5 worker ants
  A killer bee zombie (D:6)
  A hound skeleton (D:3)
  A worker ant zombie (D:7)
  A howler monkey zombie (D:5)
  3 gnolls (D:6)
  10 adders
  An ooze (D:1)
  An adder zombie (D:5)
  An adder skeleton (D:4)
  4 worms
  6 dart slugs
  17 orcs
  5 giant cockroaches
  5 goblins
  9 hobgoblins
  2 jackals (D:1)
  12 kobolds
  A quokka (D:4)
  A ball python (D:1)
  9 bats
  3 frilled lizards
  A jackal zombie (D:7)
  12 rats
140 creatures vanquished.

Vanquished Creatures (others)
  An orc (D:7)
1 creature vanquished.

Grand Total: 141 creatures vanquished

Notes
Turn   | Place    | Note
-------+----------+-------------------------------------------
     0 | D:1      | Exodus3 the Minotaur Fighter began the quest for the Orb.
     0 | D:1      | Reached XP level 1. HP: 19/19 MP: 0/0
    98 | D:1      | Reached XP level 2. HP: 24/27 MP: 1/1
   194 | D:1      | Reached XP level 3. HP: 30/33 MP: 2/2
  1345 | D:2      | Found a burning altar of Makhleb.
  1570 | D:2      | Found a faded altar of an unknown god.
  1574 | D:2      | Became a worshipper of Xom of Chaos
  1640 | D:2      | XOM: silly message
  1740 | D:2      | Reached XP level 4. HP: 40/40 MP: 3/3
  1982 | D:2      | XOM: silly message
  1988 | D:2      | Found a radiant altar of Vehumet.
  1995 | D:2      | Found an ancient bone altar of Kikubaaqudgha.
  1996 | D:2      | Found a deep blue altar of Sif Muna.
  2004 | D:2      | Identified Kikubaaqudgha's Guide on Evil Rituals
  2121 | D:2      | You fall through a shaft!
  2131 | D:3      | Noticed a centaur
  2133 | D:3      | XOM: silly message
  2142 | D:3      | XOM: fog
  2145 | D:3      | Killed a centaur
  2145 | D:3      | Reached XP level 5. HP: 26/47 MP: 4/4
  2289 | D:3      | Found a shadowy altar of Dithmenos.
  2303 | D:3      | Reached skill level 5 in Armour
  2316 | D:3      | Fell from the grace of Xom
  2316 | D:3      | Became a worshipper of Dithmenos the Shadowed
  2586 | D:3      | Reached skill level 1 in Dodging
  2586 | D:3      | Reached skill level 5 in Shields
  2586 | D:3      | Reached XP level 6. HP: 43/53 MP: 5/5
  2765 | D:3      | XOM: stat loss: -1 Dex (9/10)
  2814 | D:3      | Found a runed door.
  2828 | D:3      | Noticed DolittleGuy's ghost (amateur GnWn)
  2869 | D:3      | Killed DolittleGuy's ghost
  2869 | D:3      | Reached skill level 5 in Axes
  2875 | D:3      | Found a runed door.
  2920 | D:3      | XOM: summons 3 hostile shadow creatures
  2984 | D:3      | XOM: medium Chrm miscast
  2988 | D:3      | Found a shimmering altar of Xom.
  3050 | D:3      | XOM: severe Fire miscast
  3391 | D:4      | Found a sparkling altar of Nemelex Xobeh.
  3403 | D:4      | Reached XP level 7. HP: 32/60 MP: 6/6
  3585 | D:4      | Reached skill level 5 in Fighting
  3585 | D:4      | Reached * piety under Dithmenos
  3679 | D:4      | XOM: mild Erth miscast
  3729 | D:4      | Found an iron altar of Okawaru.
  3850 | D:4      | XOM: noise
  4191 | D:5      | Entered Level 5 of the Dungeon
  4340 | D:5      | Reached XP level 8. HP: 13/69 MP: 7/7
  4360 | D:5      | Noticed Ijyb
  4385 | D:5      | Killed Ijyb
  4520 | D:5      | Found a glowing silver altar of Zin.
  4577 | D:5      | Found a staircase to the Ecumenical Temple.
  4590 | Temple   | Entered the Ecumenical Temple
  4710 | Temple   | XOM: noise
  4754 | Temple   | Fell from the grace of Dithmenos
  4754 | Temple   | Became a worshipper of Gozag Ym Sagoz the Greedy
  5177 | D:5      | XOM: noise
  5204 | D:5      | Lost intelligence.
  5204 | D:5      | XOM: stat loss: -2 Int (0/5)
  5224 | D:5      | XOM: give mutations
  5224 | D:5      | Gained mutation: Your muscles are strong. (Str +2) [Xom's
                  | mischief]
  5224 | D:5      | Gained mutation: You are dopey. (Int -2) [Xom's mischief]
  5224 | D:5      | Gained mutation: You are frail. (-10% HP) [Xom's mischief]
  5270 | D:5      | XOM: stat loss: -1 Int (2/8)
  5311 | D:5      | Lost intelligence.
  5338 | D:5      | Found a basalt altar of Yredelemnul.
  5767 | D:6      | Found Nutuaj's Magic Scroll Emporium.
  5841 | D:6      | Found a hazy altar of Hepliaklqana.
  5860 | D:6      | XOM: divination: magic mapping
  6158 | D:6      | Lost mutation: Your muscles are strong. (Str +2) [potion of
                  | mutation]
  6158 | D:6      | Lost mutation: You are frail. (-10% HP) [potion of
                  | mutation]
  6158 | D:6      | Lost mutation: You are dopey. (Int -2) [potion of mutation]
  6158 | D:6      | Gained mutation: You have sharp toenails. [potion of
                  | mutation]
  6158 | D:6      | Gained mutation: Your natural rate of healing is unusually
                  | fast. [potion of mutation]
  6158 | D:6      | Gained mutation: You are partially covered in iridescent
                  | scales. (AC +2) [potion of mutation]
  6158 | D:6      | Gained mutation: You are partially covered in molten
                  | scales. (AC +2) [potion of mutation]
  6254 | D:6      | XOM: give mutations
  6254 | D:6      | Lost mutation: You have sharp toenails. [Xom's mischief]
  6254 | D:6      | Gained mutation: Your body sometimes deteriorates upon
                  | taking damage. [Xom's mischief]
  6254 | D:6      | Lost mutation: Your body sometimes deteriorates upon taking
                  | damage. [Xom's mischief]
  6666 | D:6      | Found a bloodstained altar of Trog.
  7202 | D:7      | Found a shadowy altar of Dithmenos.
  7302 | D:7      | Got a ripped robe
  7313 | D:7      | Identified the +4 robe of Inevitability {rElec Int+4} (You
                  | found it on level 7 of the Dungeon)
  7344 | D:7      | Reached XP level 9. HP: 61/75 MP: 8/8
  7344 | D:7      | XOM: 1-stop teleportation journey
  7475 | D:7      | HP: 3/112 [wight/battleaxe of freezing (11)]
  7475 | D:7      | Slain by a wight

Skill      XL: |  1  2  3  4  5  6  7  8 |
---------------+-------------------------+-----
Shields        | 4 5 6 7 |  7.4
Armour         | 4 5 6 8 |  8.1
Fighting       | 4 5 6 |  6.3
Axes           | 3 4 5 7 8 |  8.8
Dodging        | 1 |  1.4
Maces & Flails | |  0.5
Stealth        | |  0.5

Action                   |  1- 3 |  4- 6 |  7- 9 || total
-------------------------+-------+-------+-------++-------
Melee: War axe           |    74 |   126 |   196 ||   396
       Headbutt          |     8 |    26 |    57 ||    91
       Hunting sling     |     1 |       |       ||     1
       Flail             |       |       |    43 ||    43
  Use: Potion            |       |     2 |    12 ||    14
       Scroll            |       |       |     6 ||     6
  Eat: Chunk             |     2 |     1 |       ||     3
       Ration            |       |     2 |     4 ||     6
Armor: Scale mail        |    19 |       |       ||    19
       Plate armour      |    36 |   106 |   166 ||   308
       Robe              |       |       |     6 ||     6
       Skin              |       |       |     8 ||     8
Dodge: Dodged            |    40 |    32 |    71 ||   143
Block: Shield            |    75 |   101 |   178 ||   354
